 Dungeon Crawl Stone Soup version 0.29-a0-887-gcbe080d7e0 (webtiles) character file.

Game seed: 14462114943286160313

42 inmateoo the Gusty (level 3, -9/20 HPs)
             Began as a Tengu Air Elementalist on July 22, 2022.
             Mangled by a gnoll
             ... wielding a +2 flail of protection
              (12 damage)
             ... on level 2 of the Dungeon.
             The game lasted 00:02:39 (1765 turns).

inmateoo the Gusty (Tengu Air Elementalist)         Turns: 1765, Time: 00:02:40

Health: -9/20      AC:  2    Str:  8    XL:     3   Next: 54%
Magic:  7/7        EV: 12    Int: 17    God:
Gold:   77         SH:  0    Dex: 14    Spells: 3/6 levels left

rFire   . . .      SeeInvis .   (no weapon)
rCold   . . .      Faith    .   (no shield)
rNeg    . . .      Spirit   .   a - +0 robe
rPois   .          Reflect  .   (helmet restricted)
rElec   .          Harm     .   (no cloak)
rCorr   .          Rampage  .   (no gloves)
Will    .....                   (boots unavailable)
Stlth   +.........              (no amulet)
HPRegen 0.06/turn               (no ring)
MPRegen 0.10/turn               (no ring)

@: confused, ambrosia-drunk
A: beak, talons 3
a: no special abilities


You were on level 2 of the Dungeon.
You visited 1 branch of the dungeon, and saw 2 of its levels.

You collected 77 gold pieces.

Inventory:

Armour
 a - a +0 robe (worn)
Scrolls
 b - a scroll of summoning {unknown}
 d - a scroll of fear {unknown}
 e - a scroll of poison {unknown}
 g - a scroll of enchant weapon {unknown}
Potions
 f - a potion of curing {unknown}


   Skills:
 + Level 1.0 Fighting
 + Level 2.5 Dodging
 + Level 2.3 Stealth
 + Level 2.3 Spellcasting
 + Level 2.2 Conjurations
 + Level 4.3 Air Magic


You had 3 spell levels left.
You knew the following spells:

 Your Spells              Type           Power      Damage    Failure   Level
a - Shock                 Conj/Air       52%        1d6       4%          1
b - Static Discharge      Conj/Air       13%        3-5/arc   8%          2

Your spell library contained the following spells:

 Spells                   Type           Power      Damage    Failure   Level
 Swiftness                Air            16%        N/A       10%         3
 Necrotise                Necr           8%         1d4       19%         1
 Airstrike                Air            8%         0-4+      30%         4
 Iskenderun's Mystic Bla  Conj/Tloc      5%         2d3       75%         4
 Dispel Undead            Necr           2%         3d7       88%         4
 Passage of Golubria      Tloc           2%         N/A       88%         4


Dungeon Overview and Level Annotations

Branches:
Dungeon (2/15)

Altars:


Innate Abilities, Weirdness & Mutations

You have a beak for a mouth.
You have claws for feet.


Message History

The zap misses the gnoll.
The zap hits the gnoll but does no damage.
The gnoll is heavily wounded.
The zap hits the gnoll.
The gnoll is moderately wounded.
The gnoll hits you with a +2 flail of protection!
Ouch! That really hurt!
* * * LOW HITPOINT WARNING * * *
Casting: Shock (safe; 4% risk of failure)
Confirm with . or Enter, or press ? or * to list all spells.
Aiming: Shock (safe; 4% risk of failure)
Press: ? - help, Shift-Dir - straight line, f/p - gnoll
Aim: a gnoll, wielding a +0 halberd (moderately wounded, 72% to hit)
The zap hits the gnoll but does no damage.
The gnoll is lightly wounded.
The zap hits the gnoll.
The gnoll is heavily wounded.
The zap hits the gnoll.
The gnoll is heavily wounded.
The gnoll barely misses you.
It was a potion of ambrosia.
You are confused.
You feel invigorated. The gnoll barely misses you.
The gnoll attacks as you move away! The gnoll barely misses you.
You're too confused to cast spells.
You're too confused to cast spells.
You're too confused to cast spells.
The gnoll misses you. The gnoll closely misses you.
The gnoll hits you from afar with a +0 halberd!
Ouch! That really hurt!
The gnoll closely misses you. x2
The gnoll attacks as you move away!
The gnoll hits you with a +2 flail of protection!
Ouch! That really hurt!
* * * LOW HITPOINT WARNING * * *
The gnoll hits you from afar with a +0 halberd.
* * * LOW HITPOINT WARNING * * *
The gnoll hits you with a +2 flail of protection!
Ouch! That really hurt!
You die...

#. ##....### #.
#....# #....#
#######....#
#..........#
#..........#
#..........#
#.......####
#.....@.####
#.....g....#
#.....gg...#
#..........# #
###........##.####
#........'.....#
####.....##....#
#.....# ...#
####+## ..#


You could see 3 gnolls.

Vanquished Creatures
  An adder (D:2)
  4 endoplasms
  A giant cockroach (D:1)
  5 goblins
  8 hobgoblins (D:1)
  3 kobolds (D:1)
  A ball python (D:1)
  2 bats
  4 rats (D:1)
29 creatures vanquished.

Notes
Turn   | Place    | Note
-------+----------+-------------------------------------------
     0 | D:1      | inmateoo the Tengu Air Elementalist began the quest for the
                  | Orb.
     0 | D:1      | Reached XP level 1. HP: 10/10 MP: 4/4
   327 | D:1      | Got the Octavo of the Wasteland
   426 | D:1      | Reached XP level 2. HP: 15/15 MP: 1/6
   546 | D:1      | Learned a level 2 spell: Static Discharge
  1251 | D:1      | Reached XP level 3. HP: 20/20 MP: 5/7
  1492 | D:2      | Reached skill level 1 in Fighting
  1764 | D:2      | HP: 1/20 [gnoll/+2 flail of protection (10)]
  1765 | D:2      | Mangled by a gnoll

Illustrated notes

Levels and vault maps discovered:
D:1:      minmay_arrival_checkered_box, layout_loops_cross, minmay_pentomino_w2
D:2:      layout_basic, hellmonk_ecumenical_altar_leap_of_faith

Skill      XL: |  1  2  3 |
---------------+----------+-----
Conjurations   | 2 |  2.2
Fighting       | 1 |  1.0
Dodging        | |  2.5
Stealth        | |  2.3
Spellcasting   | |  2.3
Air Magic      | |  4.3

Action                   || total
-------------------------++-------
Melee: Unarmed           ||     4
       Kick              ||     1
 Cast: Shock             ||    31
       Static Discharge  ||    18
  Use: Potion            ||     2
 Stab: Sleeping          ||     1
Armor: Robe              ||     6
Dodge: Dodged            ||    32

Table legend: (Time is in decaauts)
 A = Elapsed time spent in this place.
 B = Non-inter-level travel time spent in this place.
 C = Inter-level travel time spent in this place.
 D = Time resting spent in this place.
 E = Time spent auto-exploring this place.
 F = Levels seen in this place.
 G = Mean time per level.
                   A        B        C        D        E       F      G
               +--------+--------+--------+--------+--------+-----+--------+
         Total |   1764 |   1724 |     40 |    979 |    463 |   2 |  882.0 |
       Dungeon |   1764 |   1724 |     40 |    979 |    463 |   2 |  882.0 |
               +--------+--------+--------+--------+--------+-----+--------+

Top non-repeatable levels by time:
     D:1: 1486 daAuts
     D:2: 278 daAuts
